 Dungeon Crawl Stone Soup version 0.25-a0-558-g78a2afb0af (webtiles) character file.

Game seed: 11538930852924700722, levelgen mode: deterministic

12 BeastOfSaturn the Charmwright (level 2, -8/24 HPs)
             Began as a Draconian Skald on Feb 24, 2020.
             Mangled by Sigmund
             ... wielding a +0 scythe
              (14 damage)
             ... on level 2 of the Dungeon.
             The game lasted 00:01:45 (785 turns).

BeastOfSaturn the Charmwright (Draconian Skald)      Turns: 785, Time: 00:01:46

Health: -8/24      AC:  4    Str: 13    XL:     2   Next: 20%
Magic:  5/5        EV: 12    Int: 13    God:
Gold:   90         SH:  0    Dex: 10    Spells: 0/5 levels left

rFire    . . .     SeeInvis .   a - +0 falchion
rCold    . . .     Gourm    .   (no shield)
rNeg     . . .     Faith    .   (armour unavailable)
rPois    .         Spirit   .   (helmet restricted)
rElec    .         Reflect  .   (no cloak)
rCorr    .         Harm     .   (no gloves)
MR       .....                  (no boots)
Stlth    +.........             (no amulet)
HPRegen  0.08/turn              (no ring)
MPRegen  0.09/turn              (no ring)

@: confused
A: unfitting armour, cold-blooded, AC +4
a: no special abilities


You were on level 2 of the Dungeon.
You were not hungry.

You visited 1 branch of the dungeon, and saw 2 of its levels.

You collected 90 gold pieces.

Inventory:

Hand Weapons
 a - a +0 falchion (weapon)
Scrolls
 b - 2 scrolls of immolation {unknown}
 e - 2 scrolls of identify {unknown}
 g - a scroll of magic mapping {unknown}
 h - 2 scrolls of teleportation {unknown}
 i - 2 scrolls of random uselessness {unknown}
 k - a scroll of fog {unknown}
 l - a scroll of enchant armour {unknown}
Potions
 d - a potion of heal wounds {unknown}
 f - a potion of flight {unknown}
 j - a potion of haste {unknown}
Comestibles
 c - 4 rations
 m - a chunk of flesh


   Skills:
 + Level 2.2 Fighting
 * Level 2.1 Long Blades
 + Level 2.3 Dodging
 - Level 2.0 Spellcasting
 * Level 3.1 Charms


You couldn't memorise any spells.
You knew the following spells:

 Your Spells              Type           Power        Failure   Level  Hunger
a - Infusion              Chrm           #...         7%          1    ##.....
b - Shroud of Golubria    Chrm/Tloc      #.....       21%         2    ###....
c - Song of Slaying       Chrm           #.......     11%         2    ###....

Your spell library contained the following spells:

 Spells                   Type           Power        Failure   Level  Hunger
 Ozocubu's Armour         Chrm/Ice       #.......     38%         3    ####...
 Spectral Weapon          Hex/Chrm       #.......     38%         3    ####...


Dungeon Overview and Level Annotations

Branches:
Dungeon (2/15)

Altars:

Annotations:
D:2 Sigmund


Innate Abilities, Weirdness & Mutations

Your plain brown scales are hard. (AC +4)
You cannot fit into any form of body armour.
You are cold-blooded and may be slowed by cold attacks.


Message History

The kobold barely misses you.
You hit the kobold.
You kill the kobold!
No target in view!
No target in view!
Found a stone staircase leading down.
Things that are here:
a +0 whip; 3 stones; a kobold corpse You hear some strange, mumbled words.
Something tries to affect you, but you resist.
A magic dart appears from out of thin air!
The magic dart hits you. Something hits you!
Ouch! That really hurt!
* * * LOW HITPOINT WARNING * * *
You hear some strange, mumbled words.
You are confused.
Something hits you!
Ouch! That really hurt!
You die...

...###..... ...
......#.......#... ....
##.....#(.......##.
#...###................#.
..........#.....[......##
..#>...................##
.........##............##
.........................
......<.@.).(.........###
..#..###.####...(..[...##
... #.# #...>......## #
#.# #..........# #.#
#.....)....# ..#
#..........# ..#
##........## .##
##......## ########


There were no monsters in sight!

Vanquished Creatures
  A bat (D:2)
  3 hobgoblins
  4 kobolds
  A goblin (D:1)
  2 rats (D:1)
11 creatures vanquished.

Notes
Turn   | Place    | Note
-------+----------+-------------------------------------------
     0 | D:1      | BeastOfSaturn the Draconian Skald began the quest for the
                  | Orb.
     0 | D:1      | Reached XP level 1. HP: 17/17 MP: 3/3
   332 | D:1      | Reached skill level 3 in Charms
   332 | D:1      | Reached XP level 2. HP: 19/24 MP: 5/5
   392 | D:1      | Learned a level 2 spell: Shroud of Golubria
   395 | D:1      | Learned a level 2 spell: Song of Slaying
   777 | D:2      | Noticed Sigmund
   785 | D:2      | Mangled by Sigmund

Levels and vault maps discovered:
D:1:      lemuel_arrival_muddy, layout_rooms, minmay_misc_feat_hallway
D:2:      layout_rooms, uniq_sigmund

Skill      XL: |  1 |
---------------+----+-----
Charms         | 3 |  3.1
Fighting       | |  2.2
Long Blades    | |  2.1
Dodging        | |  2.3
Spellcasting   | |  2.0

Action                   || total
-------------------------++-------
Melee: Falchion          ||    28
       Tailslap          ||     3
Armor: Skin              ||    11
Dodge: Dodged            ||    25
       Rpst.: Falchion   ||     7

Table legend:
 A = Non-vault XP
 B = Vault XP
 C = Vault XP percentage of total XP
 D = Non-vault monster count
 E = Vault monster count
 F = Vault count percentage of total count
                 A         B        C        D         E       F
            +---------+---------+-------+---------+---------+-------
      Total |      18 |       0 |   0.0 |      11 |       0 |   0.0
            +---------+---------+-------+---------+---------+-------
        D:1 |      12 |       0 |   0.0 |       8 |       0 |   0.0
        D:2 |       6 |       0 |   0.0 |       3 |       0 |   0.0
            +---------+---------+-------+---------+---------+-------
